 Dungeon Crawl Stone Soup version 0.31-a0-1620-gcbf77bbcfc (webtiles) character file.

Game seed: 2346227348109263171

369794 Flugslaktarn the Slayer (level 20, -5/208 (213) HPs)
             Began as a Minotaur Fighter on Jan 11, 2024.
             Was the Champion of Okawaru.
             Killed from afar by a tengu reaver (13 damage)
             ... with a bolt of negative energy
             ... led by Sojobo
             ... while paralysed by an air elemental
             ... on level 5 of the Vaults.
             The game lasted 00:22:57 (36336 turns).

Flugslaktarn the Slayer (Minotaur Fighter)         Turns: 36336, Time: 00:22:58

HP:   -5/208 (213)  AC: 41    Str: 34    XL:     20   Next: 67%
MP:   27/28         EV:  2    Int:  5    God:    Okawaru [******]
Gold: 2400          SH:  0    Dex:  8    Spells: 19/19 levels left

rFire   + + +        C - +6 broad axe (vamp)
rCold   + + .        Q - +0 tower shield
rNeg    + . .        f - +0 gold dragon scales
rPois   +            y - +1 hat "Beacw" {Str+7}
rElec   .            i - +2 cloak
rCorr   .            G - +1 pair of gloves
SInv    .            p - +2 pair of boots
Will    ++...        O - amulet of regeneration Stlth
                     g - ring of ice
HPRegen 1.34/turn    A - ring of Yrhiplaps {rPois rF+++ rN+ Will+ Dex-5}
MPRegen 0.21/turn

%: no passive effects
@: paralysed, heroic, lightly drained
A: horns 2, retaliatory headbutt, iridescent scales 1, fire resistance 1
}: 3/15 runes: serpentine, barnacled, silver
a: Renounce Religion, Heroism, Finesse, Duel


You were on level 5 of the Vaults.
You worshipped Okawaru.
Okawaru was exalted by your worship.
You visited 7 branches of the dungeon, and saw 36 of its levels.
You also visited: Ossuary, Gauntlet, Ice Cave and Volcano.

You collected 3279 gold pieces.
You spent 879 gold pieces at shops.

Inventory:

Hand Weapons
 C - a +6 vampiric broad axe (weapon)
   (Okawaru gifted it to you on level 11 of the Dungeon)
Missiles
 X - a throwing net (quivered)
Armour
 f - +0 gold dragon scales (worn)
   (You found it on level 5 of the Vaults)
 i - a +2 cloak (worn)
   (You found it on level 1 of the Dungeon)
 k - +0 storm dragon scales
   (You found it on level 5 of the Vaults)
 p - a +2 pair of boots (worn)
   (You found it on level 2 of the Dungeon)
 y - the +1 hat "Beacw" (worn) {Str+7}
   (Okawaru gifted it to you on level 11 of the Dungeon)

   Str+7:     It affects your strength (+7).
 G - a +1 pair of gloves (worn)
   (You found it on level 7 of the Dungeon)
 Q - a +0 tower shield (worn)
   (You took it off Louise on level 14 of the Dungeon)
Jewellery
 a - a ring of protection from fire
   (You found it on level 5 of the Vaults)
 g - a ring of ice (left hand)
   (You found it on level 1 of the Lair of Beasts)
 m - a ring of willpower
   (You found it on level 4 of the Dungeon)
 o - a ring of poison resistance
   (You took it off Erica on level 8 of the Dungeon)
 v - a +5 ring of evasion
   (You found it on level 2 of the Lair of Beasts)
 A - the ring of Yrhiplaps (right hand) {rPois rF+++ rN+ Will+ Dex-5}
   (You found it in a Gauntlet)

   [ring of willpower]

   Dex-5:     It affects your dexterity (-5).
   rF+++:     It renders you almost immune to fire.
   rPois:     It protects you from poison rN+: It protects you from negative
   energy.
   Will+:     It increases your willpower.
 M - the ring of Paunn {Will+ Stlth+}
   (You found it in a Gauntlet)

   [ring of willpower]

   Will+:     It increases your willpower.
   Stlth+:    It makes you more stealthy.
 O - an amulet of regeneration (around neck)
   (You found it in an ice cave)
Wands
 x - a wand of mindburst (55)
   (You took it off Ijyb on level 4 of the Dungeon)
 D - a wand of paralysis (30)
   (You took it off Pikel on level 6 of the Dungeon)
 H - a wand of iceblast (22)
   (You found it on level 9 of the Dungeon)
 V - a wand of quicksilver (9)
   (You found it on level 4 of the Shoals)
Scrolls
 e - 4 scrolls of vulnerability
 r - 4 scrolls of silence
 t - 11 scrolls of teleportation
 z - 5 scrolls of blinking
 E - 4 scrolls of fog
 J - a scroll of immolation
 L - 3 scrolls of brand weapon
 S - 2 scrolls of fear
 U - 4 scrolls of revelation
Potions
 d - 2 potions of might
 h - 3 potions of haste
 l - 5 potions of magic
 n - a potion of resistance
 q - 19 potions of curing
 s - 6 potions of lignification
 u - 7 potions of enlightenment
 w - 2 potions of heal wounds
 B - a potion of berserk rage
 I - 2 potions of ambrosia
 K - 4 potions of mutation
 T - 2 potions of cancellation
 Z - 2 potions of invisibility
Miscellaneous
 c - a phial of floods
   (You found it on level 5 of the Lair of Beasts)
 F - a condenser vane
   (You found it on level 4 of the Snake Pit)
 Y - a lightning rod (4/4)
   (You found it on level 2 of the Vaults)


   Skills:
 + Level 26.0(27) Fighting
 - Level 18.0(23.0) Axes
 + Level 25.2(27) Armour
 - Level 11.3(16.3) Dodging
 - Level 15.0(20.0) Shields
 - Level 12.0 Invocations


You had 19 spell levels left.
You didn't know any spells.
Your spell library contained the following spells:

 Spells                   Type           Power      Damage    Failure   Level
 Foxfire                  Conj/Fire      0%         2x1d4     98%         1
 Kiss of Death            Conj/Necr      0%         2d5       98%         1
 Magic Dart               Conj           0%         1d3       98%         1
 Blink                    Tloc           0%         N/A       99%         2
 Ensorcelled Hibernation  Hex/Ice        0%         N/A       99%         2
 Jinxbite                 Hex            0%         N/A       99%         2
 Lesser Beckoning         Tloc           0%         N/A       99%         2
 Searing Ray              Conj           0%         2d4       99%         2
 Sublimation of Blood     Necr           0%         N/A       99%         2
 Confusing Touch          Hex            0%         N/A       100%        3
 Dazzling Flash           Conj/Hex       0%         N/A       100%        3
 Gell's Gravitas          Tloc           0%         N/A       100%        3
 Hailstorm                Conj/Ice       0%         3d5       100%        3
 Inner Flame              Hex/Fire       0%         N/A       100%        3
 Mephitic Cloud           Conj/Alch/Air  0%         N/A       100%        3
 Ozocubu's Armour         Ice            0%         N/A       100%        3
 Passwall                 Erth           0%         N/A       100%        3
 Sigil of Binding         Hex            0%         N/A       100%        3
 Stone Arrow              Conj/Erth      0%         3d7       100%        3
 Swiftness                Air            0%         N/A       100%        3
 Teleport Other           Tloc           0%         N/A       100%        3
 Anguish                  Hex/Necr       0%         N/A       100%        4
 Cause Fear               Hex            0%         N/A       100%        4
 Dimensional Bullseye     Hex/Tloc       0%         N/A       100%        4
 Dispel Undead            Necr           0%         3d6       100%        4
 Flame Wave               Conj/Fire      0%         2d4       100%        4
 Fulminant Prism          Conj/Alch      0%         3d5       100%        4
 Manifold Assault         Tloc           0%         N/A       100%        4
 Petrify                  Alch/Erth      0%         N/A       100%        4
 Sticky Flame             Fire/Alch      0%         2d4       100%        4
 Curse of Agony           Necr           0%         N/A       100%        5
 Irradiate                Conj/Alch      0%         3d11      100%        5
 Silence                  Hex/Air        0%         N/A       100%        5
 Yara's Violent Unravell  Hex/Alch       0%         3d3       100%        5
 Dispersal                Tloc           0%         N/A       100%        6
 Plasma Beam              Fire/Air       0%         2x1d10    100%        6
 Starburst                Conj/Fire      0%         6d3       100%        6
 Enfeeble                 Hex            0%         N/A       100%        7
 Orb of Destruction       Conj           0%         9d5       100%        7
 Ozocubu's Refrigeration  Ice            0%         4d7       100%        7
 Disjunction              Tloc           0%         N/A       100%        8
 Lehudib's Crystal Spear  Conj/Erth      0%         10d2      100%        8
 Polar Vortex             Ice            0%         N/A       100%        9
 Call Imp                 Summ           Unusable   N/A       N/A         2
 Call Canine Familiar     Summ           Unusable   N/A       N/A         3
 Summon Ice Beast         Ice/Summ       Unusable   N/A       N/A         3
 Animate Armour           Summ/Erth      Unusable   N/A       N/A         4
 Summon Blazeheart Golem  Fire/Summ      Unusable   N/A       N/A         4
 Summon Mana Viper        Hex/Summ       Unusable   N/A       N/A         5
 Sculpt Simulacrum        Ice/Alch       Unusable   N/A       N/A         6
 Spellforged Servitor     Conj/Summ      Unusable   N/A       N/A         7
 Dragon's Call            Summ           Unusable   N/A       N/A         9

Dungeon Overview and Level Annotations

Branches:
Dungeon (15/15)            Temple (1/1) D:5            Lair (5/5) D:11
 Shoals (4/4) Lair:2        Snake (4/4) Lair:3        Slime (0/5) Lair:4
    Orc (2/2) D:12            Elf (0/3) Orc:2        Vaults (5/5) D:13
 Depths (0/4) D:15        Ossuary (visited)           IceCv (visited)
Volcano (visited)         Gauntlet (visited)
  Crypt: Vaults:2-3

Altars:
Ashenzari
Cheibriados
Dithmenos
Elyvilon
Fedhas
Gozag
Hepliaklqana
Kikubaaqudgha
Makhleb
Nemelex Xobeh
Okawaru
Qazlal
Ru
Sif Muna
Trog
Uskayaw
Vehumet
Wu Jian
Xom
Yredelemnul
Zin
The Shining One
Jiyva

Shops:
Orc:2 [=((*   Snake:2 =?(?   Vaults:5 =!

Annotations:
D:7 1 runed translucent door, Crazy Yiuf
D:15 exclusion: obsidian statue
Vaults:2 2 transporters, exclusion: orange crystal statue
Vaults:5 Sojobo


Innate Abilities, Weirdness & Mutations

You have a pair of horns on your head.
You reflexively headbutt those who attack you in melee.
You are partially covered in iridescent scales. (AC +2)
Your flesh is heat resistant. (rF+)


Message History

Sojobo pecks you but does no damage. You block Sojobo's attack.
You block the air elemental's attack.
You barely miss Sojobo.
Sojobo is moderately wounded.
You miss the air elemental. x2; The tengu reaver blocks your attack.
You block the air elemental's attack. x2
The tengu reaver hits you but does no damage.
You block the tengu reaver's attack.
The tengu reaver claws you but does no damage.
You block Sojobo's attack. Sojobo pecks you but does no damage.
Sojobo claws you but does no damage. The air elemental barely misses you. x2
You slice Sojobo!!
You feel better.
Sojobo is heavily wounded.
You closely miss the air elemental. You slash the tengu reaver!
You slice the air elemental!!
The air elemental fires a burst of electricity at you.
The stunning burst hits you!
You suddenly lose the ability to move!
The air elemental hits you but does no damage. x2
The air elemental barely misses you. The air elemental hits you.
The air elemental hits you but does no damage.
The tengu reaver points at you and mumbles some strange words.
The bolt of lightning hits you!!
Sojobo says, "This battle is not even a challenge!"
Sojobo hits you with a +2 great sword of holy wrath.
Sojobo pecks you but does no damage. Sojobo claws you but does no damage.
The air elemental fires a burst of electricity at you.
The stunning burst hits you but does no damage.
The air elemental hits you.
You can move again.
You hit Sojobo but do no damage. Your headbutt misses Sojobo.
Sojobo is heavily wounded.
You miss the air elemental. x2; You slash the tengu reaver!
The air elemental fires a burst of electricity at you.
The stunning burst hits you!
You shrug off the repeated paralysis!
The air elemental fires a burst of electricity at you.
The stunning burst hits you but does no damage.
You shrug off the repeated paralysis!
The tengu reaver hits you with a +3 war axe!
The tengu reaver pecks you but does no damage.
You block the tengu reaver's attack. You block Sojobo's attack.
Sojobo pecks you but does no damage. Sojobo barely misses you.
You block the air elemental's attack.
The air elemental hits you but does no damage.
You gain the combat prowess of a mighty hero.
You block the air elemental's attack. x2
The air elemental hits you but does no damage.
You block the air elemental's attack. The tengu reaver barely misses you.
You furiously retaliate!
You headbutt the tengu reaver! You block the tengu reaver's attack.
The tengu reaver claws you but does no damage.
Sojobo hits you but does no damage. Sojobo pecks you.
Sojobo claws you but does no damage.
The air elemental hits you but does no damage. x2
You slash the air elemental!
You destroy the air elemental!
The air elemental disappears in a puff of smoke!
You closely miss the air elemental. You barely miss the tengu reaver.
You completely miss Sojobo.
The air elemental fires a burst of electricity at you.
The stunning burst misses you. Sojobo hits you but does no damage.
You block Sojobo's attack. Sojobo claws you but does no damage.
You block the tengu reaver's attack. x2
The tengu reaver claws you but does no damage.
You miss Sojobo.
Sojobo is heavily wounded.
You miss the air elemental. You slash the air elemental!
You barely miss the tengu reaver.
You block the air elemental's attack. x2
The air elemental closely misses you. You block the air elemental's attack.
Sojobo casts a spell at you. The bolt of lightning hits you!!!
* * * LOW HITPOINT WARNING * * *
The tengu reaver hits you but does no damage.
The tengu reaver pecks you but does no damage.
The tengu reaver closely misses you.
You are too injured to fight recklessly!
You are too injured to fight recklessly!
You are too injured to fight recklessly!
You miss the tengu reaver.
The tengu reaver is heavily wounded.
You slash the air elemental! You barely miss Sojobo.
You closely miss the air elemental.
The air elemental fires a burst of electricity at you.
The stunning burst hits you!
You suddenly lose the ability to move!
* * * LOW HITPOINT WARNING * * *
The air elemental hits you.
* * * LOW HITPOINT WARNING * * *
The air elemental hits you but does no damage.
The air elemental fires a burst of electricity at you.
The stunning burst hits you but does no damage.
The air elemental hits you but does no damage. x2
The air elemental hits you.
* * * LOW HITPOINT WARNING * * *
The air elemental hits you but does no damage.
Sojobo points at you and mumbles some strange words.
The bolt of lightning hits you!!
* * * LOW HITPOINT WARNING * * *
The tengu reaver gestures at you while chanting.
The bolt of negative energy hits you! You partially resist.
You feel drained.
You die...

..#..# .... .. #..#..# ..#..#
...#####.. #..#..# ..#..#
........ #..# ..# #.....# #..#
..# #.....# #..# ..# #...).#
#..# ..# #.....# #.(# ..#..#
#####..EQ$###### #..#..# ..#..#
.......Q@).....? #..#..# ..#..#
....##E##...... #..#..# ..#..#
... #..)#...... #..#..# ..#..#
.. #...#.....! #..#..# ..#..# .
#...# ..... #..#..#
..#..#########..[#########..#..#
..#..............†..........#..#
...............................#
....#######################....#


You could see Sojobo (repels missiles), a tengu reaver (repels missiles) and 2
air elementals.

Vanquished Creatures
  2 dread liches (Vaults:5)
  Bai Suzhen (Snake:4)
  Margery (Vaults:5)
  Jory (Vaults:5)
  2 golden dragons (Vaults:5)
  A hellephant (Vaults:5)
  Jorgrun (D:12)
  3 tentacled monstrosities (Vaults:5)
  A lich (Vaults:5)
  4 titans (Vaults:5)
  2 quicksilver dragons (Vaults:5)
  5 sphinxes
  Agnes (D:14)
  4 tengu reavers (Vaults:5)
  A shadow dragon (Vaults:5)
  8 nagarajas
  The ghost of Annoileps the Carver, an adept BaCj of Sif Muna (Snake:4)
  Aizul (Snake:4)
  A storm dragon (Vaults:5)
  3 fire giants (Vaults:5)
  2 frost giants (Vaults:5)
  Louise (D:14)
  10 vault wardens
  A reaper (IceCv)
  A formless jellyfish (Vaults:2)
  11 ironbound preservers
  5 very ugly things (Vaults:5)
  10 ironbound thunderhulks
  8 stone giants
  A deep elf demonologist (Vaults:5)
  17 dire elephants
  2 war gargoyles (Vaults:5)
  A deep elf death mage (Vaults:5)
  A minotaur (Gauntlet)
  8 merfolk impalers
  A green death (Gauntlet)
  6 ettins (Vaults:5)
  A crystal guardian (Vaults:2)
  6 merfolk javelineers
  2 fire dragons (D:15)
  8 yaktaur captains
  Josephine (Lair:3)
  3 deep elf high priests (Vaults:5)
  6 great orbs of eyes
  26 vault guards (Vaults:5)
  A merfolk avatar (Shoals:4)
  5 boulder beetles
  A peacekeeper (Vaults:2)
  2 hydras
  A catoblepas (D:14)
  3 ogre magi
  6 two-headed ogres
  4 merfolk aquamancers
  3 anacondas
  9 centaur warriors
  2 satyrs (Shoals:4)
  A dancing weapon (Vaults:5)
  7 ironbound frosthearts
  15 death yaks
  Erica (D:8)
  A tengu warrior (D:14)
  A deep troll shaman (Vaults:5)
  3 deep troll earth magi
  9 naga warriors
  A hell hog (Gauntlet)
  3 shock serpents
  4 hell knights (Vaults:5)
  14 naga sharpshooters
  A spectral dire elephant (Lair:5)
  Nergalle (Lair:3)
  A deep elf knight (D:14)
  7 skysharks
  A skeletal warrior (D:13)
  25 deep trolls
  5 salamander mystics
  13 sea snakes
  2 spectral death yaks (Lair:5)
  A spectral anaconda (Lair:5)
  3 arcanists
  2 mana vipers
  2 naga ritualists (Snake:4)
  A deep troll (shapeshifter) (Vaults:5)
  An obsidian statue (Lair:5)
  Pikel (D:6)
  2 phantasmal warriors (Vaults:5)
  18 ironbound convokers
  4 lindwurms
  7 necromancers
  9 orc knights
  A tengu skeleton (Vaults:1)
  6 cyclopes
  An orc sorcerer (Volcano)
  4 harpies (Shoals:3)
  16 manticores
  2 deep elf pyromancers
  23 ugly things
  24 salamanders
  An oklob plant (Lair:5)
  A wolf spider (D:15)
  A moth of wrath (Snake:4)
  4 merfolk sirens
  5 fauns
  18 vault sentinels
  16 elephants
  2 kobold blastminers (Orc:2)
  6 guardian serpents
  An elephant (shapeshifter) (Vaults:5)
  3 water nymphs (Shoals:4)
  Joseph (D:7)
  5 naga magi
  An ice statue (IceCv)
  15 slime creatures
  A smoke demon (Volcano)
  3 torpor snails
  2 orange demons (Gauntlet)
  2 gargoyles
  20 black mambas
  14 cane toads
  4 centaur skeletons (D:13)
  A dire elephant skeleton (Lair:5)
  An eye of devastation (shapeshifter) (Vaults:5)
  7 komodo dragons
  3 freezing wraiths
  5 rime drakes
  An unseen horror (shapeshifter) (D:14)
  A kobold demonologist (Arena)
  A rime drake (shapeshifter) (D:15)
  27 yaktaurs
  A tengu conjurer (D:14)
  Psyche (D:8)
  A troll (Orc:2)
  28 merfolk
  2 red devils (Volcano)
  Grinder (D:5)
  A hornet (D:8)
  A polar bear (Lair:3)
  6 wind drakes
  10 dream sheep
  2 centaur simulacra
  2 spectral elephants (Lair:5)
  A human simulacrum (Vaults:1)
  18 blink frogs
  6 snapping turtles
  5 wyverns
  2 dire elephant simulacra (IceCv)
  5 water elementals
  5 wraiths (Lair:3)
  3 fire bats
  A shadow (D:10)
  5 basilisks
  49 yaks
  A death yak simulacrum (IceCv)
  A redback (shapeshifter) (Vaults:5)
  3 steam dragons
  3 wargs
  8 vampire mosquitoes
  A harpy simulacrum (IceCv)
  28 nagas
  3 acid dragons
  2 hydra simulacra (IceCv)
  16 water moccasins
  A hell hound (Gauntlet)
  A sky beast (D:7)
  37 orc warriors
  3 ice beasts
  3 black bears
  16 centaurs
  An elephant zombie (Lair:5)
  6 wolves (Lair:2)
  6 ogres
  A laughing skull (D:15)
  4 lemures (D:6)
  2 phantoms
  A brain worm (shapeshifter) (D:15)
  16 bullfrogs
  5 two-headed ogre simulacra (IceCv)
  2 gnoll sergeants
  3 scorpions
  2 cane toad simulacra (IceCv)
  3 wights
  3 elephant simulacra
  8 killer bees
  4 howler monkeys
  8 electric eels
  2 centaur zombies (Ossuary)
  4 lava snakes (Lair:3)
  12 orc priests
  4 hounds
  2 jellies
  A bombardier beetle (D:3)
  3 human zombies
  A sleepcap (D:6)
  Ijyb (D:4)
  17 orc wizards
  5 spriggan simulacra (IceCv)
  3 polar bear simulacra (IceCv)
  3 wolf simulacra (IceCv)
  6 troll simulacra (IceCv)
  6 hound zombies (Ossuary)
  2 mummies (Ossuary)
  Robin (D:2)
  10 gnolls
  3 naga simulacra (IceCv)
  6 adders
  23 white imps
  8 ufetubi (IceCv)
  4 adder zombies (Ossuary)
  A dart slug (D:1)
  4 ribbon worms
  73 orcs
  11 ball pythons
  An endoplasm (D:1)
  4 giant cockroaches
  21 goblins
  15 hobgoblins
  2 jackals (D:1)
  A quokka (D:1)
  3 bats (D:1)
  2 frilled lizards
  6 gnoll zombies (Ossuary)
  A goblin zombie (D:5)
  4 jackal zombies (Ossuary)
  5 kobolds
  7 kobold zombies (Ossuary)
  6 orc zombies (Ossuary)
  A quokka zombie (D:5)
  7 rats
  2 spectral weapons (Gauntlet)
1299 creatures vanquished.

Vanquished Creatures (others)
  A two-headed ogre (D:13)
  An unseen horror (D:13)
  A water elemental (Shoals:4)
  A lava snake (Lair:3)
4 creatures vanquished.

Grand Total: 1303 creatures vanquished

Notes
Turn   | Place    | Note
-------+----------+-------------------------------------------
     0 | D:1      | Flugslaktarn the Minotaur Fighter began the quest for the
                  | Orb.
     0 | D:1      | Reached XP level 1. HP: 19/19 MP: 0/0
    81 | D:1      | Reached XP level 2. HP: 27/27 MP: 1/1
   198 | D:1      | Reached skill level 4 in Fighting
   529 | D:1      | Reached XP level 3. HP: 33/33 MP: 2/2
   956 | D:2      | Noticed Robin
   968 | D:2      | Killed Robin
  1109 | D:2      | Reached XP level 4. HP: 41/41 MP: 3/3
  1835 | D:3      | Reached XP level 5. HP: 38/47 MP: 4/4
  1901 | D:3      | Reached skill level 5 in Fighting
  2193 | D:3      | Found a sacrificial altar of Ru.
  2194 | D:3      | Found a shimmering blue altar of Sif Muna.
  2455 | D:3      | Found a faded altar of an unknown god.
  2466 | D:3      | Found an ancient bone altar of Kikubaaqudgha.
  2777 | D:3      | Reached XP level 6. HP: 41/56 MP: 5/5
  2808 | D:3      | Reached skill level 5 in Axes
  3302 | D:4      | Reached skill level 6 in Fighting
  3461 | D:4      | Found a sparkling altar of Nemelex Xobeh.
  3461 | D:4      | Noticed Ijyb
  3469 | D:4      | Killed Ijyb
  3470 | D:4      | Reached skill level 5 in Armour
  3551 | D:4      | Reached skill level 5 in Shields
  3731 | D:4      | Found a shadowy altar of Dithmenos.
  3731 | D:4      | Found a broken altar of Ashenzari.
  4360 | D:5      | Entered Level 5 of the Dungeon
  4380 | D:5      | Found a sand-covered staircase.
  4391 | Ossuary  | Entered an ossuary
  4431 | Ossuary  | Reached XP level 7. HP: 63/63 MP: 6/6
  4730 | D:5      | Found a staircase to the Ecumenical Temple.
  4819 | Temple   | Entered the Ecumenical Temple
  4836 | Temple   | Became a worshipper of Warmaster Okawaru
  4995 | D:5      | Reached skill level 7 in Fighting
  5055 | D:5      | Reached skill level 1 in Invocations
  5055 | D:5      | Reached XP level 8. HP: 73/73 MP: 7/7
  5269 | D:5      | Noticed Grinder
  5287 | D:5      | Killed Grinder
  5287 | D:5      | Reached * piety under Okawaru
  5634 | D:6      | Found a shimmering altar of Xom.
  5644 | D:6      | Reached skill level 8 in Fighting
  5998 | D:6      | Reached ** piety under Okawaru
  6070 | D:6      | Found a white marble altar of Elyvilon.
  6118 | D:6      | Noticed Pikel
  6120 | D:6      | Found a basalt altar of Yredelemnul.
  6134 | D:6      | Paralysed by Pikel for 2 turns
  6142 | D:6      | Killed Pikel
  6143 | D:6      | Reached XP level 9. HP: 48/82 MP: 8/10
  6455 | D:6      | Found a glowing golden altar of the Shining One.
  6539 | D:6      | Found an ornate altar of the Wu Jian Council.
  6659 | D:7      | Reached skill level 9 in Fighting
  6943 | D:7      | Gained mutation: Armour fits poorly on your strangely
                  | shaped body. [potion of mutation]
  6945 | D:7      | Lost mutation: Armour fits poorly on your strangely shaped
                  | body. [potion of mutation]
  6945 | D:7      | Gained mutation: You are partially covered in iridescent
                  | scales. (AC +2) [potion of mutation]
  6945 | D:7      | Gained mutation: Your flesh is heat resistant. (rF+)
                  | [potion of mutation]
  7052 | D:7      | Noticed Joseph
  7069 | D:7      | Killed Joseph
  7069 | D:7      | Reached *** piety under Okawaru
  7070 | D:7      | Reached skill level 1 in Dodging
  7563 | D:7      | Found a runed translucent door.
  7564 | D:7      | Noticed Crazy Yiuf
  8097 | D:8      | Noticed Psyche
  8104 | D:8      | Killed Psyche
  8116 | D:8      | Reached skill level 10 in Fighting
  8307 | D:8      | Noticed Erica
  8334 | D:8      | Reached **** piety under Okawaru
  8348 | D:8      | Killed Erica
  8349 | D:8      | Reached skill level 10 in Axes
  8349 | D:8      | Reached XP level 10. HP: 36/94 MP: 9/12
  8823 | D:8      | Found a hide-covered altar of Uskayaw.
  8893 | D:8      | Found a snail-covered altar of Cheibriados.
  9175 | D:8      | Found a glowing silver altar of Zin.
  9463 | D:9      | Reached ***** piety under Okawaru
  9747 | D:9      | Found a radiant altar of Vehumet.
 10095 | D:9      | Received a gift from Okawaru
 10104 | D:9      | Reached skill level 11 in Fighting
 10589 | D:10     | Entered Level 10 of the Dungeon
 10636 | D:10     | Reached skill level 5 in Invocations
 10850 | D:10     | Reached XP level 11. HP: 94/102 MP: 12/14
 11226 | D:10     | Reached skill level 5 in Dodging
 11474 | D:11     | Noticed a cyan ugly thing
 11485 | D:11     | Killed a cyan ugly thing
 11563 | D:11     | Noticed a two-headed ogre
 11574 | D:11     | Killed a two-headed ogre
 11575 | D:11     | Reached skill level 12 in Fighting
 11638 | D:11     | Received a gift from Okawaru
 11811 | D:11     | Noticed a two-headed ogre
 11820 | D:11     | Killed a two-headed ogre
 11966 | D:11     | Found a staircase to the Lair.
 12488 | D:11     | Reached ****** piety under Okawaru
 12747 | D:11     | Acquired a +1 vampiric broad axe
 12747 | D:11     | Received a gift from Okawaru
 12749 | D:11     | Acquired the +1 hat "Beacw" {Str+7}
 12749 | D:11     | Received a gift from Okawaru
 13214 | Lair:1   | Entered Level 1 of the Lair of Beasts
 13227 | Lair:1   | Received a gift from Okawaru
 13435 | Lair:1   | Reached skill level 13 in Fighting
 13444 | Lair:1   | Found a dark tunnel.
 13451 | Volcano  | Entered a volcano
 13487 | Volcano  | Noticed a red ugly thing
 13487 | Volcano  | Noticed a red ugly thing
 13493 | Volcano  | Killed a brown ugly thing
 13494 | Volcano  | Reached skill level 10 in Armour
 13494 | Volcano  | Reached XP level 12. HP: 115/115 MP: 15/15
 13496 | Volcano  | Received a gift from Okawaru
 14024 | Lair:1   | Identified the +9 dagger "Wotife Bauc" {drain, *Noise
                  | Dex+6}
 14051 | Lair:1   | Identified a scroll of acquirement
 14051 | Lair:1   | Acquired a manual of Armour
 14265 | Lair:1   | Received a gift from Okawaru
 14775 | Lair:2   | Reached skill level 14 in Fighting
 14953 | Lair:2   | Noticed a death yak
 14954 | Lair:2   | Noticed a death yak
 14954 | Lair:2   | Noticed a death yak
 14962 | Lair:2   | Killed a death yak
 14962 | Lair:2   | Received a gift from Okawaru
 14966 | Lair:2   | Killed a death yak
 14971 | Lair:2   | Killed a death yak
 15167 | Lair:2   | Reached XP level 13. HP: 110/125 MP: 17/17
 15316 | Lair:2   | Found a staircase to the Shoals.
 15379 | Lair:2   | Received a gift from Okawaru
 15873 | Lair:3   | Noticed Nergalle
 15889 | Lair:3   | Killed Nergalle
 16611 | Lair:3   | Reached skill level 15 in Fighting
 16869 | Lair:3   | Found a staircase to the Snake Pit.
 16916 | Lair:3   | Noticed Josephine
 16926 | Lair:3   | Killed Josephine
 16927 | Lair:3   | Reached skill level 15 in Axes
 17593 | Lair:4   | Found a viscous altar of Jiyva.
 17598 | Lair:4   | Found a staircase to the Slime Pits.
 17733 | Lair:4   | Received a gift from Okawaru
 18693 | Lair:5   | Entered Level 5 of the Lair of Beasts
 18843 | Lair:5   | Received a gift from Okawaru
 18903 | Lair:5   | Found a frozen archway.
 18927 | IceCv    | Entered an ice cave
 19636 | IceCv    | Noticed a reaper
 19657 | IceCv    | Killed a reaper
 19658 | IceCv    | Reached skill level 16 in Fighting
 19658 | IceCv    | Reached XP level 14. HP: 32/137 MP: 19/19
 20478 | Lair:5   | Received a gift from Okawaru
 20802 | Lair:5   | Received a gift from Okawaru
 21596 | Lair:5   | Reached skill level 10 in Dodging
 21690 | Lair:5   | Received a gift from Okawaru
 21691 | Lair:5   | Reached skill level 17 in Fighting
 21703 | Lair:5   | Reached skill level 15 in Armour
 22465 | D:12     | Found a staircase to the Orcish Mines.
 22507 | D:12     | Received a gift from Okawaru
 22560 | D:12     | Reached XP level 15. HP: 146/147 MP: 21/21
 22584 | D:12     | Noticed Jorgrun
 22593 | D:12     | Killed Jorgrun
 23354 | D:13     | Reached skill level 10 in Invocations
 23386 | D:13     | Found a gate leading to a gauntlet.
 23406 | D:13     | Received a gift from Okawaru
 23414 | Gauntlet | Entered a Gauntlet
 23414 | Gauntlet | Found a transporter.
 23420 | Gauntlet | Found a transporter.
 23436 | Gauntlet | Found a transporter.
 23440 | Gauntlet | Found a transporter.
 23460 | Gauntlet | Found a transporter.
 23473 | Gauntlet | Found a transporter.
 23478 | Gauntlet | Found a transporter.
 23482 | Gauntlet | Found a transporter.
 23516 | Gauntlet | Found a transporter.
 23516 | Gauntlet | Found a transporter.
 23516 | Gauntlet | Found a transporter.
 23524 | Gauntlet | Found a transporter.
 23627 | Gauntlet | Identified the ring of Yrhiplaps {rPois rF+++ rN+ Will+
                  | Dex-5}
 23658 | Gauntlet | Identified the ring of Paunn {Will+ Stlth+}
 23668 | Gauntlet | Identified the +5 glaive of Qaimikhi {spect, rF- rC++ Will+
                  | Stlth-}
 23692 | Gauntlet | Identified the +0 robe of the Stonemason {+Blink Archmagi}
 24056 | D:13     | Reached skill level 18 in Fighting
 24136 | D:13     | Found a gate to the Vaults.
 24625 | D:14     | Received a gift from Okawaru
 24625 | D:14     | Noticed Agnes
 24673 | D:14     | HP: 4/149 [Agnes/+4 lajatang of electrocution (19)]
 24680 | D:14     | Killed Agnes
 24687 | Arena    | Entered the Arena
 24956 | D:14     | Identified the +9 spear "Ogrebane" {drain, rF+}
 24982 | D:14     | Noticed Louise
 25003 | D:14     | Killed Louise
 25015 | D:14     | Received a gift from Okawaru
 25147 | D:14     | Identified the +1 robe "Kew Toy" {rC++ rN+ Int-5}
 25596 | D:15     | Entered Level 15 of the Dungeon
 25741 | D:15     | Found a white marble altar of Elyvilon.
 26306 | D:15     | Found a staircase to the Depths.
 26850 | Orc:1    | Entered Level 1 of the Orcish Mines
 26857 | Orc:1    | Reached XP level 16. HP: 133/159 MP: 23/23
 27240 | Orc:2    | Entered Level 2 of the Orcish Mines
 27357 | Orc:2    | Found Onath's Jewellery Shop.
 27357 | Orc:2    | Found Feralat's Weapon Shoppe.
 27359 | Orc:2    | Found Teymeuho's Antique Weapon Emporium.
 27361 | Orc:2    | Found Udimo's Armour Boutique.
 27452 | Orc:2    | Found Jym Kil's General Store.
 27462 | Orc:2    | Bought a potion of cancellation for 80 gold pieces
 27462 | Orc:2    | Bought a potion of curing for 30 gold pieces
 27587 | Orc:2    | Received a gift from Okawaru
 27701 | Orc:2    | Found a staircase to the Elven Halls.
 28132 | Snake:1  | Entered Level 1 of the Snake Pit
 28171 | Snake:2  | Reached skill level 19 in Fighting
 28250 | Snake:2  | Found Gyheon's Magic Scroll Boutique.
 28254 | Snake:2  | Found Awkufraasm's Magic Scroll Shop.
 28254 | Snake:2  | Found Koffisoe's Jewellery Boutique.
 28257 | Snake:2  | Found Poxofe's Weapon Shop.
 28278 | Snake:2  | Bought a scroll of enchant armour for 127 gold pieces
 28278 | Snake:2  | Bought a scroll of blinking for 127 gold pieces
 28278 | Snake:2  | Bought a scroll of blinking for 127 gold pieces
 28281 | Snake:2  | Bought a scroll of fear for 72 gold pieces
 28281 | Snake:2  | Bought a scroll of fear for 72 gold pieces
 28281 | Snake:2  | Bought a scroll of teleportation for 54 gold pieces
 28281 | Snake:2  | Bought a scroll of teleportation for 54 gold pieces
 28446 | Snake:3  | Received a gift from Okawaru
 28511 | Snake:3  | Reached skill level 10 in Shields
 28623 | Snake:3  | Received a gift from Okawaru
 28779 | Snake:4  | Entered Level 4 of the Snake Pit
 28800 | Snake:4  | Identified the serpent talisman of Wiokkef {Will- rCorr
                  | Int+2 SInv}
 28800 | Snake:4  | Noticed Aizul
 28813 | Arena    | Entered the Arena
 28836 | Snake:4  | Killed Aizul
 29020 | Snake:4  | Found a transporter.
 29048 | Snake:4  | Received a gift from Okawaru
 29074 | Snake:4  | Found a bloodstained altar of Trog.
 29074 | Snake:4  | Noticed Annoileps's ghost (adept BaCj)
 29075 | Snake:4  | Found a transporter.
 29254 | Snake:4  | Noticed Bai Suzhen
 29303 | Snake:4  | Killed Bai Suzhen
 29459 | Snake:4  | Received a gift from Okawaru
 29460 | Snake:4  | Reached XP level 17. HP: 159/169 MP: 25/25
 29728 | Snake:4  | Got a serpentine rune of Zot
 29731 | Snake:4  | Got a jade gem with 803 turns to spare
 30123 | Snake:4  | Reached skill level 20 in Fighting
 30132 | Snake:4  | Received a gift from Okawaru
 30141 | Snake:4  | Killed Annoileps's ghost
 30481 | Snake:3  | Lost the jade gem through the power of Zot.
 30584 | Shoals:1 | Entered Level 1 of the Shoals
 31084 | Shoals:3 | Received a gift from Okawaru
 31088 | Shoals:4 | Entered Level 4 of the Shoals
 31288 | Shoals:4 | Reached skill level 15 in Shields
 31954 | Shoals:4 | Received a gift from Okawaru
 31968 | Shoals:4 | Reached skill level 21 in Fighting
 31968 | Shoals:4 | Reached XP level 18. HP: 168/182 MP: 24/26
 31997 | Shoals:4 | Got an azure gem with 373 turns to spare
 31999 | Shoals:4 | Got a barnacled rune of Zot
 32051 | Shoals:4 | Identified the +9 quarterstaff "Hown" {pain, Int+5 Dex+3}
 32295 | Vaults:1 | Entered Level 1 of the Vaults
 32556 | Vaults:1 | Received a gift from Okawaru
 33082 | Vaults:1 | Reached skill level 22 in Fighting
 33124 | Vaults:1 | Identified the +5 falchion of the Crawling Thing {freeze,
                  | rPois Dex+4}
 33468 | Vaults:2 | Received a gift from Okawaru
 33831 | Vaults:2 | Received a gift from Okawaru
 33848 | Vaults:2 | Found a transporter.
 33864 | Vaults:2 | Found a transporter.
 34327 | Vaults:3 | Reached XP level 19. HP: 193/193 MP: 27/27
 34491 | Vaults:4 | Reached skill level 23 in Fighting
 34655 | Vaults:4 | Received a gift from Okawaru
 34790 | Vaults:5 | Entered Level 5 of the Vaults
 34827 | Vaults:5 | Received a gift from Okawaru
 34867 | Vaults:5 | Reached skill level 24 in Fighting
 34887 | Vaults:5 | Received a gift from Okawaru
 34894 | Arena    | Entered the Arena
 35125 | Vaults:5 | Received a gift from Okawaru
 35332 | Vaults:5 | Reached XP level 20. HP: 198/209 MP: 28/28
 35360 | Vaults:5 | Got the Quarto of Assistive Glaciation
 35367 | Vaults:5 | Identified the +6 scimitar "Edefoog" {spect, *Rage rElec
                  | rPois Dex+4}
 35399 | Vaults:5 | Noticed a dread lich
 35402 | Vaults:5 | Noticed a dread lich
 35423 | Vaults:5 | Killed a dread lich
 35430 | Vaults:5 | Killed a dread lich
 35431 | Vaults:5 | Reached skill level 25 in Fighting
 35444 | Vaults:5 | Received a gift from Okawaru
 35444 | Vaults:5 | Noticed Margery
 35466 | Vaults:5 | Killed Margery
 35476 | Vaults:5 | Identified the +0 plate armour "Wosh" {-Cast rPois rC+++
                  | Slay+3}
 35750 | Vaults:5 | Found Miaham's Distillery.
 35812 | Vaults:5 | Received a gift from Okawaru
 35820 | Vaults:5 | Bought a potion of mutation for 136 gold pieces
 35882 | Vaults:5 | Noticed a golden dragon
 35890 | Vaults:5 | Killed a golden dragon
 35931 | Vaults:5 | Noticed a golden dragon
 35944 | Vaults:5 | Killed a golden dragon
 36023 | Vaults:5 | Found Cugingui's Jewellery Shop.
 36031 | Vaults:5 | Got a shining gem with 85 turns to spare
 36033 | Vaults:5 | Got a silver rune of Zot
 36061 | Vaults:5 | Noticed Jory
 36084 | Vaults:5 | Killed Jory
 36119 | Vaults:5 | Lost the shining gem through the power of Zot.
 36307 | Vaults:5 | Noticed Sojobo
 36318 | Vaults:5 | Reached skill level 26 in Fighting
 36329 | Vaults:5 | Paralysed by an air elemental for 1 turns
 36335 | Vaults:5 | Paralysed by an air elemental for 1 turns
 36336 | Vaults:5 | HP: 8/213 [Sojobo/bolt of lightning (25)]
 36336 | Vaults:5 | Killed from afar by a tengu reaver

Illustrated notes

Levels and vault maps discovered:
D:1:      amcnicky_arrival_blooded_trapdoor, layout_basic, minmay_tripent
D:2:      layout_basic, uniq_robin
D:3:      layout_basic, overflow_temple_1_default,
          chequers_temple_overflow_statue_of_worship,
          shapermc_ecumenical_altar_flowoftime
D:4:      wander_river, layout_loops_corners, gammafunk_temple_overflow_pools,
          mainiacjoe_overflow_brackets, uniq_ijyb
D:5:      layout_loops_ring, temple_statues, enter_ossuary_4,
          grunt_decor_one_mirror, uniq_grinder
D:6:      layout_loops_ring, kennysheep_ying_yang, regret_index_xom_of_box,
          kennysheep_little_box, nicolae_overflow_hidden_temple, uniq_pikel
D:7:      layout_basic, uniq_joseph, uniq_crazy_yiuf_cottage
D:8:      layout_loops_ring, mainiacjoe_overflow_alcove_2,
          mainiacjoe_overflow_24_doors, zin_scriptorium, uniq_psyche, uniq_erica
D:9:      layout_loops_ring, kennysheep_mini, roderic_serpentine_path
D:10:     layout_roguey, nicolae_figureground_sparkle
D:11:     layout_gridville, lair_entry_dummy
D:12:     layout_stronghold, orc_0_dummy, small_chamber_with_monster,
          uniq_jorgrun
D:13:     layout_cave_pods, hangedman_vaults_entry_quadrant_bands,
          gauntlet_entry_generic
D:14:     layout_basic, serial_park_tiny_1, hangedman_abyss_or_decor_stagger,
          sword_in_stone, uniq_agnes
D:15:     hellmonk_depths_entry_around_the_bend, layout_stronghold,
          minmay_hedge_maze, minivault_16, drop_trap, elyvilon_altar_5
Temple:   nicolae_temple_superstar
Lair:1:   layout_regular_city, enter_volcano_1, chequers_serial_rivers_large_a,
          grunt_megastairs_1
Lair:2:   beast_lair_carwin_large_2, layout_chaotic_city,
          minmay_shoals_entry_lonely_mermaid, serial_bayou_shore_b,
          serial_bayou_shore_a, lemuel_fruit_tree
Lair:3:   layout_loops_ring, guppyfry_snake_entry_garden,
          nicolae_lair_liquid_snakes, grunt_megastairs_3, uniq_nergalle,
          uniq_josephine
Lair:4:   layout_cave_pods, slime_entry_1
Lair:5:   due_jungle_book, layout_layer_cave, portal_ice_cave_entry_imps,
          hangedman_lair_generics_rect, infiniplex_staircase_pool
Shoals:1: layout_shoals, serial_shops, nicolae_shop_advertising_works
          [nicolae_subvault_shop_adworks]
Shoals:2: layout_shoals, nicolae_shoals_the_drawing_of_the_three
Shoals:3: layout_shoals
Shoals:4: shoals_end_simple, layout_shoals
Snake:1:  layout_misc_corridors, nicolae_snake_ghostly_warrior_ritual
Snake:2:  layout_grid_maze, minmay_shoptagon
Snake:3:  layout_gridlike, serial_bayou_shore_b, uniq_vashnia
Snake:4:  grunt_snake_rune_pools, layout_cave_town,
          gammafunk_ghost_wrathful_warriors, uniq_aizul, uniq_bai_suzhen
Orc:1:    layout_caves
Orc:2:    st_orc_rangers, layout_caves, serial_shops, shop_statue
Vaults:1: nicolae_vaults_frosty_reception, nicolae_vaults_variable_pillar_hall,
          vaults_mumra_hex, vaults_dpeg_emergency_exit, vaults_room_pools,
          nicolae_vaults_security_offices_2,
          nicolae_vaults_variable_pillar_hall, layout_vaults_omnigrid
Vaults:2: gammafunk_sealed_arena, nicolae_vaults_three_branches,
          minmay_crypt_entry_necro_gods, serial_library_hellmonk_big_corner,
          nicolae_vaults_diagonal_hallway_6, vaults_dpeg_doors,
          vaults_mumra_minichess, nicolae_vaults_twisting_passages,
          nicolae_vaults_storage_room_doors, vaults_dpeg_ring,
          nicolae_vaults_big_angled_halls, hangedman_vaults_slice,
          vaults_room_semicircle, v_pattern_5, v_misc_12, layout_vaults_omnibox
Vaults:3: nicolae_vaults_puzzle_piece, nicolae_vaults_door_testing_chamber,
          st_squares, vaults_mumra_hexcomb, grunt_vaults_trifunnel,
          nicolae_vaults_storage_closets_2, nicolae_vaults_octothorpe,
          hangedman_vaults_unwind, grunt_vaults_focal, layout_vaults_big_cross
Vaults:4: vaults_dpeg_diagonal, nicolae_vaults_sesquioval_fish,
          nicolae_vaults_storage_closets_1, v_rooms_5,
          nicolae_vaults_cornered_office, v_pattern_4, ontoclasm_vaults_chip,
          ontoclasm_vaults_tryst, nicolae_vaults_trapezoid_1,
          nicolae_vaults_tetromino_T_2, nicolae_vaults_security_offices_1,
          nicolae_vaults_little_squares_1, layout_vaults_ring, serial_shops,
          shop_statue
Vaults:5: uniq_jory, uniq_margery, uniq_sojobo

Skill      XL: |  1  2  3  4  5  6  7  8  9 10 11 12 13 14 15 16 17 18 19 20 |
---------------+-------------------------------------------------------------+-----
Fighting       | 4 5 6 7 8 10 11 13 14 16 17 18 19 21 22 24 26 | 26.0
Axes           | 3 4 5 6 8 10 11 12 14 15 17 18 | 18.0
Armour         | 4 5 6 7 8 10 11 13 15 17 18 19 22 23 25 | 25.2
Shields        | 4 5 6 8 12 15 | 15.0
Invocations    | 1 2 4 5 6 7 8 9 10 12 | 12.0
Dodging        | 3 4 6 7 9 10 11 | 11.3

Action                     |  1- 3 |  4- 6 |  7- 9 | 10-12 | 13-15 | 16-18 | 19-21 || total
---------------------------+-------+-------+-------+-------+-------+-------+-------++-------
  Melee: War axe           |    76 |   177 |   280 |   241 |       |       |       ||   774
         Headbutt          |     8 |    16 |    49 |   119 |   260 |   370 |   165 ||   987
         Broad axe         |       |       |       |   200 |   994 |  1425 |   637 ||  3256
 Invoke: Heroism           |       |       |     1 |     2 |     5 |     9 |     5 ||    22
         Receive Weapon    |       |       |       |     1 |       |       |       ||     1
         Receive Armour    |       |       |       |     1 |       |       |       ||     1
         Finesse           |       |       |       |       |     1 |     2 |     4 ||     7
         Duel              |       |       |       |       |     1 |     1 |     1 ||     3
  Evoke: Wand              |       |       |       |       |     2 |       |       ||     2
         Phial of floods   |       |       |       |       |     1 |       |       ||     1
    Use: Potion            |       |     3 |    11 |       |     3 |     6 |     5 ||    28
         Scroll            |       |     8 |     4 |    11 |     8 |     4 |     2 ||    37
   Stab: Petrified         |       |       |       |       |     6 |       |       ||     6
 Armour: Scale mail        |    45 |       |       |       |       |       |       ||    45
         Plate armour      |     2 |   150 |   318 |   437 |   903 |       |       ||  1810
         Skin              |       |       |    10 |       |       |       |       ||    10
         Chain mail        |       |       |       |       |    79 |   860 |   439 ||  1378
         Gold dragon scale |       |       |       |       |       |       |   104 ||   104
  Dodge: Dodged            |    44 |    40 |   100 |   190 |   651 |   700 |   228 ||  1953
  Block: Buckler           |    17 |    34 |    74 |   107 |   283 |       |       ||   515
         Tower shield      |       |       |       |       |   103 |  1497 |   608 ||  2208

Table legend: (Time is in decaauts)
 A = Elapsed time spent in this place.
 B = Non-inter-level travel time spent in this place.
 C = Inter-level travel time spent in this place.
 D = Time resting spent in this place.
 E = Time spent auto-exploring this place.
 F = Levels seen in this place.
 G = Mean time per level.
                   A        B        C        D        E       F      G
               +--------+--------+--------+--------+--------+-----+--------+
         Total |  36631 |  34924 |   1707 |   2144 |  25984 |  43 |  851.9 |
       Dungeon |  17576 |  16950 |    626 |   1086 |  13686 |  15 | 1171.7 |
        Temple |     30 |     18 |     12 |      0 |      0 |   1 |   30.0 |
          Lair |   7223 |   6804 |    419 |    510 |   5221 |   5 | 1444.6 |
        Shoals |   1633 |   1503 |    130 |    100 |    759 |   4 |  408.2 |
     Snake Pit |   2469 |   2221 |    248 |      6 |   1439 |   4 |  617.2 |
  Orcish Mines |   1188 |   1146 |     42 |      0 |    925 |   2 |  594.0 |
        Vaults |   3956 |   3729 |    227 |     31 |   2436 |   5 |  791.2 |
       Ossuary |    314 |    314 |      0 |      0 |    180 |   1 |  314.0 |
      Ice Cave |   1515 |   1515 |      0 |    408 |    818 |   1 | 1515.0 |
       Volcano |    412 |    412 |      0 |      2 |    337 |   1 |  412.0 |
      Gauntlet |    272 |    272 |      0 |      0 |    180 |   1 |  272.0 |
         Arena |     38 |     38 |      0 |      0 |      0 |   3 |   12.7 |
               +--------+--------+--------+--------+--------+-----+--------+

Top non-repeatable levels by time:
  Lair:5: 1835 daAuts
  Lair:3: 1787 daAuts
    D:11: 1772 daAuts
 Snake:4: 1695 daAuts
   IceCv: 1515 daAuts
     D:7: 1485 daAuts
     D:4: 1425 daAuts
Vaults:5: 1386 daAuts
     D:8: 1290 daAuts
  Lair:2: 1257 daAuts
    D:15: 1250 daAuts
     D:3: 1222 daAuts
     D:9: 1204 daAuts
  Lair:1: 1198 daAuts
Vaults:1: 1197 daAuts
